 Dungeon Crawl Stone Soup version 0.26.0-10-g1f06aea511 (webtiles) character file.

Game seed: 15457508704347289179

51 Dracia the Grasshopper (level 3, 0/31 HPs)
             Began as a Gnoll Warper on Jan 14, 2021.
             Slain by Crazy Yiuf
             ... wielding a +2 quarterstaff of chaos
              (9 damage)
             ... on level 2 of the Dungeon.
             The game lasted 00:02:37 (1191 turns).

Dracia the Grasshopper (Gnoll Warper)               Turns: 1191, Time: 00:02:38

Health: 0/31       AC:  7    Str: 14    XL:     3   Next: 81%
Magic:  18/18      EV: 14    Int: 15    God:
Gold:   65         SH:  5    Dex: 14    Spells: 10/12 levels left

rFire    . . .     SeeInvis .   a - +0 falchion
rCold    . . .     Faith    .   (no shield)
rNeg     . . .     Spirit   .   b - +0 leather armour
rPois    .         Reflect  +   r - +2 helmet
rElec    .         Harm     .   (no cloak)
rCorr    .         Rampage  .   s - +0 pair of gloves
Will     .....                  (no boots)
Stlth    +.........             k - amulet of reflection
HPRegen  0.10/turn              (no ring)
MPRegen  0.16/turn              W - ring of magical power

@: no status effects
A: distributed training, fangs 1, strong nose
a: no special abilities


You were on level 2 of the Dungeon.
You visited 1 branch of the dungeon, and saw 2 of its levels.

You collected 65 gold pieces.


Innate Abilities, Weirdness & Mutations

Your experience applies equally to all skills.
You have very sharp teeth.
Your uncanny sense of smell can sniff out nearby items.


   Skills:
 + Level 4.6 Fighting
 + Level 1.0 Short Blades
 + Level 4.6 Long Blades
 + Level 1.0 Axes
 + Level 1.0 Maces & Flails
 + Level 1.0 Polearms
 + Level 1.0 Staves
 + Level 1.0 Slings
 + Level 1.0 Bows
 + Level 1.0 Crossbows
 + Level 2.6 Throwing
 + Level 2.6 Armour
 + Level 4.6 Dodging
 + Level 1.0 Stealth
 + Level 1.0 Shields
 + Level 1.0 Unarmed Combat
 + Level 5.0 Spellcasting
 + Level 0.7 Conjurations
 + Level 0.7 Hexes
 + Level 0.7 Summonings
 + Level 0.7 Necromancy
 + Level 5.4 Translocations
 + Level 0.7 Transmutations
 + Level 0.7 Fire Magic
 + Level 0.7 Ice Magic
 + Level 0.7 Air Magic
 + Level 0.7 Earth Magic
 + Level 0.7 Poison Magic
 + Level 1.0 Invocations
 + Level 1.0 Evocations


You had 10 spell levels left.
You knew the following spells:

 Your Spells              Type           Power        Failure   Level
I - Blink                 Tloc           N/A          3%          2

Your spell library contained the following spells:

 Spells                   Type           Power        Failure   Level
 Gell's Gravitas          Tloc           10%          6%          3
 Lesser Beckoning         Tloc           10%          6%          3
 Teleport Other           Tloc           20%          6%          3
 Passage of Golubria      Tloc           N/A          22%         4

Inventory:

Hand Weapons
 a - a +0 falchion (weapon)
Missiles
 e - 4 boomerangs of dispersal (quivered) {=f=f}
 q - 11 poisoned darts
Armour
 b - a +0 leather armour (worn)
 r - a +2 helmet (worn)
 s - a +0 pair of gloves (worn)
Jewellery
 j - an uncursed ring of stealth {unknown}
 k - an amulet of reflection (around neck)
 t - an uncursed ring of teleportation
 W - a ring of magical power (right hand)
Scrolls
 c - a scroll of fog {unknown}
 d - 3 scrolls of blinking
 f - 4 scrolls of remove curse {@r2@r2}
 g - a scroll of enchant armour {unknown}
 o - a scroll of enchant weapon {unknown}
Potions
 h - 2 potions of curing {unknown}
 i - a potion of brilliance {unknown}
 m - a potion of might {unknown}
 n - a potion of ambrosia {unknown}

Dungeon Overview and Level Annotations

Branches:
Dungeon (2/15)

Altars:
Fedhas

Annotations:
D:2 Crazy Yiuf

*,* *,,*
*,****##..
***,***,**
*,*####...
,,,,,,>,**
*,*#......
,,,,,,,,,*
***#.##...
*******,**
###.###.. * *,**
#######...# ##. *
*,,*
###**###.#....#.##
## ****
#)))##).#.......#
#
#...g@####......#
#)..### ##....##
###** ###### ###
#.########
#.........
##########


You could see Crazy Yiuf.


Message History

Crazy Yiuf is moderately wounded.
Crazy Yiuf hits you with a +2 quarterstaff of chaos.
You hit Crazy Yiuf but do no damage. You bite Crazy Yiuf.
Crazy Yiuf is moderately wounded.
Crazy Yiuf barely misses you.
You riposte.
You hit Crazy Yiuf.
Crazy Yiuf is heavily wounded.
You hit Crazy Yiuf.
Crazy Yiuf is heavily wounded.
Crazy Yiuf says, "Scoff hand snockshim!"
Crazy Yiuf hits you with a +2 quarterstaff of chaos.
You barely miss Crazy Yiuf. You bite Crazy Yiuf.
Crazy Yiuf is heavily wounded.
You hit Crazy Yiuf.
Crazy Yiuf is severely wounded.
You block Crazy Yiuf's attack.
You barely miss Crazy Yiuf.
Crazy Yiuf is severely wounded.
Crazy Yiuf hits you but does no damage.
You closely miss Crazy Yiuf.
Crazy Yiuf is severely wounded.
Crazy Yiuf hits you with a +2 quarterstaff of chaos!
* * * LOW HITPOINT WARNING * * *
You hit Crazy Yiuf.
Crazy Yiuf is almost dead.
Crazy Yiuf hits you with a +2 quarterstaff of chaos.
* * * LOW HITPOINT WARNING * * *
You hit Crazy Yiuf but do no damage. You bite Crazy Yiuf.
Crazy Yiuf is almost dead.
Crazy Yiuf hits you with a +2 quarterstaff of chaos!
You die...

Skill      XL: |  1  2  3 |
---------------+----------+-----
Spellcasting   | 5 |  5.0
Invocations    | 1 |  1.0
Short Blades   | 1 |  1.0
Axes           | 1 |  1.0
Maces & Flails | 1 |  1.0
Polearms       | 1 |  1.0
Staves         | 1 |  1.0
Slings         | 1 |  1.0
Bows           | 1 |  1.0
Crossbows      | 1 |  1.0
Stealth        | 1 |  1.0
Shields        | 1 |  1.0
Unarmed Combat | 1 |  1.0
Evocations     | 1 |  1.0
Fighting       | |  4.6
Long Blades    | |  4.6
Throwing       | |  2.6
Armour         | |  2.6
Dodging        | |  4.6
Conjurations   | |  0.7
Hexes          | |  0.7
Summonings     | |  0.7
Necromancy     | |  0.7
Translocations | |  5.4
Transmutations | |  0.7
Fire Magic     | |  0.7
Ice Magic      | |  0.7
Air Magic      | |  0.7
Earth Magic    | |  0.7
Poison Magic   | |  0.7

Action                   || total
-------------------------++-------
Melee: Falchion          ||    98
       Bite              ||    13
       Punch             ||     1
Throw: Boomerang         ||     1
  Use: Scroll            ||     3
Armor: Leather armour    ||    33
Dodge: Dodged            ||    89
Block: Other             ||     6
       Rpst.: Falchion   ||    29

Levels and vault maps discovered:
D:1:      dpeg_arrival_chambers_temple_mockup, layout_basic
D:2:      minmay_razor_zed, layout_loops_ring, fedhas_ov_isle_minmay,
          uniq_crazy_yiuf_cottage

Notes
Turn   | Place    | Note
-------+----------+-------------------------------------------
     0 | D:1      | Dracia the Gnoll Warper began the quest for the Orb.
     0 | D:1      | Reached XP level 1. HP: 20/20 MP: 6/6
   170 | D:1      | Reached XP level 2. HP: 26/26 MP: 7/7
   187 | D:1      | Learned a level 2 spell: Blink
   786 | D:1      | Reached XP level 3. HP: 31/31 MP: 9/9
   828 | D:2      | Found a blossoming altar of Fedhas.
   845 | D:2      | Reached skill level 5 in Spellcasting
  1001 | D:2      | Reached skill level 1 in Invocations
  1101 | D:2      | Reached skill level 1 in Short Blades
  1101 | D:2      | Reached skill level 1 in Axes
  1101 | D:2      | Reached skill level 1 in Maces & Flails
  1101 | D:2      | Reached skill level 1 in Polearms
  1101 | D:2      | Reached skill level 1 in Staves
  1101 | D:2      | Reached skill level 1 in Slings
  1101 | D:2      | Reached skill level 1 in Bows
  1101 | D:2      | Reached skill level 1 in Crossbows
  1101 | D:2      | Reached skill level 1 in Stealth
  1101 | D:2      | Reached skill level 1 in Shields
  1101 | D:2      | Reached skill level 1 in Unarmed Combat
  1101 | D:2      | Reached skill level 1 in Evocations
  1176 | D:2      | Found a runed translucent door.
  1177 | D:2      | Noticed Crazy Yiuf
  1191 | D:2      | Slain by Crazy Yiuf

Vanquished Creatures
  2 adders (D:2)
  An ooze (D:1)
  A worm (D:2)
  A ball python (D:1)
  A giant cockroach (D:1)
  3 goblins
  6 hobgoblins
  2 kobolds (D:1)
  6 bats
  3 rats
26 creatures vanquished.

Vanquished Creatures (others)
  4 plants (D:2)
4 creatures vanquished.

Grand Total: 30 creatures vanquished

Table legend: (Time is in decaauts)
 A = Elapsed time spent in this place.
 B = Non-inter-level travel time spent in this place.
 C = Inter-level travel time spent in this place.
 D = Time resting spent in this place.
 E = Time spent auto-exploring this place.
 F = Levels seen in this place.
 G = Mean time per level.
                   A        B        C        D        E       F      G
               +--------+--------+--------+--------+--------+-----+--------+
         Total |   1197 |   1194 |      3 |      0 |    958 |   2 |  598.5 |
       Dungeon |   1197 |   1194 |      3 |      0 |    958 |   2 |  598.5 |
               +--------+--------+--------+--------+--------+-----+--------+

Top non-repeatable levels by time:
     D:1: 831 daAuts
     D:2: 365 daAuts

Table legend:
 A = Non-vault XP
 B = Vault XP
 C = Vault XP percentage of total XP
 D = Non-vault monster count
 E = Vault monster count
 F = Vault count percentage of total count
                 A         B        C        D         E       F
            +---------+---------+-------+---------+---------+-------
      Total |      73 |       0 |   0.0 |      26 |       0 |   0.0
            +---------+---------+-------+---------+---------+-------
        D:1 |      34 |       0 |   0.0 |      18 |       0 |   0.0
        D:2 |      39 |       0 |   0.0 |       8 |       0 |   0.0
            +---------+---------+-------+---------+---------+-------
